 Dungeon Crawl Stone Soup version 0.30-a0-321-gf7783e6616 (webtiles) character file.

Game seed: 3782372311220780742

32 Caerun the Shooter (level 3, -6/30 HPs)
             Began as a Hill Orc Hunter on Oct 27, 2022.
             Mangled by a gnoll
             ... wielding a +0 halberd
              (11 damage)
             ... on level 3 of the Dungeon.
             The game lasted 00:02:05 (1470 turns).

Caerun the Shooter (Hill Orc Hunter)                Turns: 1470, Time: 00:02:06

Health: -6/30      AC:  9    Str: 13    XL:     3   Next: 25%
Magic:  3/3        EV:  6    Int:  9    God:
Gold:   97         SH:  0    Dex: 16    Spells: 2/2 levels left

rFire   . . .      SeeInvis .    a - +0 shortbow
rCold   . . .      Faith    .    (shield currently unavailable)
rNeg    . . .      Spirit   .    g - +0 chain mail
rPois   .          Reflect  .    (no helmet)
rElec   .          Harm     .    (no cloak)
rCorr   .          Rampage  .    c - +0 pair of gloves
Will    .....                    (no boots)
Stlth   ..........               (no amulet)
HPRegen 0.25/turn                (no ring)
MPRegen 0.08/turn                (no ring)

@: about to teleport
A: no striking features
a: no special abilities


You were on level 3 of the Dungeon.
You visited 1 branch of the dungeon, and saw 3 of its levels.

You collected 97 gold pieces.

Inventory:

Hand Weapons
 a - a +0 shortbow (weapon)
Missiles
 i - 6 poisoned darts
Armour
 c - a +0 pair of gloves (worn)
 g - a +0 chain mail (worn)
Scrolls
 b - 2 scrolls of immolation
 l - a scroll of enchant weapon {unknown}
 m - a scroll of identify {unknown}
Potions
 d - a potion of invisibility {unknown}
 f - a potion of curing
 h - a potion of mutation {unknown}
 j - a potion of might {unknown}
 k - 2 potions of attraction {unknown}
 n - a potion of lignification {unknown}


   Skills:
 + Level 2.5 Fighting
 + Level 4.5 Ranged Weapons
 * Level 0.1 Armour
 + Level 1.6 Dodging
 + Level 0.7 Stealth


You had 2 spell levels left.
You didn't know any spells.
Your spell library contained the following spells:

 Spells                   Type           Power      Damage    Failure   Level
 Momentum Strike          Conj/Tloc      0%         3d8       100%        2
 Gell's Gravitas          Tloc           0%         N/A       100%        3
 Kindle Blastsparks       Fire/Tloc/Air  0%         2d10      100%        3
 Cause Fear               Hex            0%         N/A       100%        4
 Freezing Cloud           Conj/Ice/Air   0%         6-21      100%        5
 Dragon Form              Tmut           0%         N/A       100%        7
 Dragon's Call            Summ           0%         N/A       100%        9


Dungeon Overview and Level Annotations

Branches:
Dungeon (3/15)

Altars:


Message History

The arrow hits the gnoll but does no damage.
You hear an angry hiss.
The gnoll hits you from afar with a +0 halberd.
You shoot an arrow. The arrow hits the gnoll.
The gnoll is moderately wounded.
You hear an angry hiss.
A ball python comes into view.
The gnoll barely misses you. The gnoll hits you but does no damage.
The ball python bites you but does no damage.
The ball python grabs you. The ball python constricts you.
You escape the ball python's grasp.
The gnoll hits you from afar with a +0 halberd.
The gnoll attacks as you move away! The gnoll hits you with a +4 flail.
An endoplasm comes into view.
The endoplasm quivers.
You shoot an arrow. The arrow hits the gnoll.
The gnoll is lightly wounded.
The gnoll hits you but does no damage. The gnoll hits you with a +4 flail.
The gnoll attacks as you move away! The gnoll hits you with a +4 flail!
The ball python bites you but does no damage.
The ball python barely misses you.
Okay, then.
Found 5 gold pieces.
You shoot an arrow. The arrow hits the endoplasm.
The endoplasm is lightly wounded.
The endoplasm freezes you.
You are frozen.
* * * LOW HITPOINT WARNING * * *
The endoplasm hits you but does no damage.
It was a potion of curing.
You feel better.
The gnoll hits you from afar with a +0 halberd.
The endoplasm barely misses you.
Okay, then.
As you read the scroll labelled UFISOP VYAM, it crumbles to dust.
You feel strangely unstable.
It was a scroll of teleportation.
The endoplasm hits you but does no damage.
The gnoll hits you from afar with a +0 halberd!
* * * LOW HITPOINT WARNING * * *
The gnoll hits you from afar with a +0 halberd!
You die...

#.# #.#
#.##.###.#.#......
##.##
#................# ....
#..#..#..#..#..#.# ...#
#...#..#..#..#..#
#<#####..#..#g.#..#...#
#.g.##..#..#.g#..#..#$#
###g##....#gS#..#..#..#
####..#.....Sg.J@.....#
....g...###############
....###.# ?... #.# ....
#.. .### ###. . .. ..
..#


You could see 4 gnolls, an adder, an endoplasm and a ball python.

Vanquished Creatures
  2 dart slugs (D:1)
  A bat (D:2)
  2 endoplasms
  A giant cockroach (D:2)
  2 goblins (D:1)
  3 hobgoblins
  2 jackals (D:2)
  A quokka (D:1)
  2 ball pythons (D:1)
  A frilled lizard (D:1)
  4 kobolds
  5 rats
26 creatures vanquished.

Notes
Turn   | Place    | Note
-------+----------+-------------------------------------------
     0 | D:1      | Caerun the Hill Orc Hunter began the quest for the Orb.
     0 | D:1      | Reached XP level 1. HP: 18/18 MP: 1/1
   172 | D:1      | Reached XP level 2. HP: 22/25 MP: 2/2
   201 | D:1      | Reached skill level 4 in Ranged Weapons
   259 | D:1      | Got the Essays on the Dimensional Atmosphere
   738 | D:2      | Reached XP level 3. HP: 26/30 MP: 3/3
  1470 | D:3      | Mangled by a gnoll

Illustrated notes

Levels and vault maps discovered:
D:1:      ncdulo_lavacross, layout_basic, serial_glass, glass_columns_a,
          glass_columns_a, minmay_octomino_j4
D:2:      layout_loops_corners
D:3:      layout_basic, mainiacjoe_overflow_brackets, serial_shops,
          nicolae_shop_crystal, shop, shop, shop, shop, serial_co_window_serial,
          co_window_corner_a, co_window_paths_a, co_window_of_opportunity_a,
          co_window_cross_1, co_window_paths_b, co_window_unsneaky_path_e,
          co_window_broadway_c, co_window_unsneaky_path_b, co_window_4corner_b,
          minmay_misc_feat_diagonals, kennysheep_nub, st_stairs_5

Skill      XL: |  1  2 |
---------------+-------+-----
Ranged Weapons | 4 |  4.5
Fighting       | |  2.5
Armour         | |  0.1
Dodging        | |  1.6
Stealth        | |  0.7

Action                   || total
-------------------------++-------
 Fire: Shortbow          ||    73
  Use: Scroll            ||     1
       Potion            ||     1
Armor: Leather armour    ||     1
       Chain mail        ||    44
Dodge: Dodged            ||    17

Table legend: (Time is in decaauts)
 A = Elapsed time spent in this place.
 B = Non-inter-level travel time spent in this place.
 C = Inter-level travel time spent in this place.
 D = Time resting spent in this place.
 E = Time spent auto-exploring this place.
 F = Levels seen in this place.
 G = Mean time per level.
                   A        B        C        D        E       F      G
               +--------+--------+--------+--------+--------+-----+--------+
         Total |   1523 |   1486 |     37 |      0 |   1268 |   3 |  507.7 |
       Dungeon |   1523 |   1486 |     37 |      0 |   1268 |   3 |  507.7 |
               +--------+--------+--------+--------+--------+-----+--------+

Top non-repeatable levels by time:
     D:2: 830 daAuts
     D:1: 668 daAuts
     D:3: 24 daAuts
